 Dungeon Crawl Stone Soup version 0.30.0-20-g3615ddf2f0 (webtiles) character file.

Game seed: 11805031129720922587

24217 qw the Cleaver (level 13, -8/83 HPs)
             Began as a Gargoyle Fighter on May 27, 2023.
             Was an Elder of Okawaru.
             Mangled by Rupert
             ... wielding a +4 antimagic great sword
              (10 damage)
             ... on level 4 of the Lair of Beasts.
             The game lasted 00:05:30 (10713 turns).

qw the Cleaver (Gargoyle Fighter)                  Turns: 10713, Time: 00:05:30

Health: -8/83      AC: 40    Str: 23    XL:     13   Next: 11%
Magic:  0/18       EV: 10    Int: 11    God:    Okawaru [****..]
Gold:   830        SH:  6    Dex: 12    Spells: 12/12 levels left

rFire   + + .        f - +9 war axe "Tormentor" {holy, rElec}
rCold   . . .        c - +0 buckler
rNeg    + . .        s - +0 plate armour
rPois   inf          m - +2 helmet
rElec   +            v - +0 cloak
rCorr   .            k - +2 pair of gloves
SInv    .            e - +1 pair of boots {rampage}
Will    .....        (no amulet) Stlth
                     j - ring "Guxeb" {Contam rElec rF+ Dex+3 Stlth+}
HPRegen 0.33/turn    b - ring of protection from fire
MPRegen 0.16/turn

%: rampage
@: about to teleport, heroic
A: sickness immunity, AC +9, negative energy resistance 1, electricity
resistance, torment resistance 1, petrification resistance, iridescent scales 1,
low MP 1, noise suppression
a: Renounce Religion, Heroism, Finesse


You were on level 4 of the Lair of Beasts.
You worshipped Okawaru.
Okawaru was greatly pleased with you.
You visited 3 branches of the dungeon, and saw 14 of its levels.

You collected 830 gold pieces.


Innate Abilities, Weirdness & Mutations

You are immune to sickness and miasma.
Your stone body is resilient. (AC +9)
You are immune to poison.
You resist negative energy. (rN+)
You are resistant to electric shocks. (rElec)
You are resistant to unholy torment.
You are immune to petrification.
You are partially covered in iridescent scales. (AC +2)
Your magical capacity is low. (-10% MP)
You passively dampen the noise of your surroundings.


   Skills:
 - Level 10.3(15.3) Fighting
 + Level 13.4(18.4) Axes
 - Level 3.0(8.0) Throwing
 - Level 10.0(15.0) Armour
 - Level 2.3(7.3) Dodging
 - Level 6.0(11.0) Shields
 + Level 9.4 Invocations


You had 12 spell levels left.
You didn't know any spells.
Your spell library was empty.

Inventory:

Hand Weapons
 f - the +9 war axe "Tormentor" (weapon) {holy, rElec}
   (You acquired it on level 2 of the Dungeon)

   rElec:     It insulates you from electricity.
 x - a +3 morningstar
Armour
 c - a +0 buckler (worn)
 e - a +1 pair of boots of rampaging (worn)
 k - a +2 pair of gloves (worn)
 m - a +2 helmet (worn)
 o - the +0 helmet of the Stars {Rampage rCorr Str-5 Int-5}
   (Okawaru gifted it to you on level 4 of the Lair of Beasts)

   Str:       It affects your strength (-5).
   Int:       It affects your intelligence (-5).
   rCorr:     It protects you from acid and corrosion.
   Rampage:   It bestows one free step when moving towards enemies.
 s - a +0 plate armour (worn)
 v - a +0 cloak (worn)
Jewellery
 b - a ring of protection from fire (right hand)
 h - a ring of resist corrosion
 j - the ring "Guxeb" (left hand) {Contam rElec rF+ Dex+3 Stlth+}
   (You found it on level 2 of the Dungeon)

   [ring of protection from fire]

   Dex:       It affects your dexterity (+3).
   rF:        It protects you from fire.
   rElec:     It insulates you from electricity.
   Contam:    It causes magical contamination when unequipped.
   Stlth:     It makes you more stealthy.
Wands
 n - a wand of digging (5)
Scrolls
 p - 6 scrolls of teleportation
 q - 9 scrolls of identify
 t - a scroll of fog {unknown}
 w - a scroll of noise {unknown}
 y - a scroll of fear {unknown}
Potions
 a - a potion of attraction
 d - 4 potions of might
 g - 4 potions of curing
 i - a potion of haste
 l - 2 potions of heal wounds
 r - 2 potions of lignification
 u - 3 potions of mutation

Dungeon Overview and Level Annotations

Branches:
Dungeon (9/15)             Temple (1/1) D:6            Lair (4/5) D:9
 Shoals (0/4) Lair:2        Snake (0/4) Lair:2
  Slime: Lair:4-5       Orc: D:9-12

Altars:
Ashenzari
Cheibriados
Dithmenos
Elyvilon
Fedhas
Gozag
Hepliaklqana
Kikubaaqudgha
Makhleb
Nemelex Xobeh
Okawaru
Qazlal
Sif Muna
Trog
Uskayaw
Vehumet
Wu Jian
Xom
Yredelemnul
Zin
The Shining One

Annotations:
Lair:1 3 runed translucent doors, qw's ghost, journeyman GrCA
Lair:4 3 runed translucent doors, Rupert; Vufrucs's ghost, journeyman DrTm; qw's ghost, journeyman GrFi


Message History

You slash Rupert!
Rupert is lightly wounded.
You hit the fungus. Rupert hits you but does no damage.
You closely miss Rupert.
Rupert is lightly wounded.
You hit the fungus.
Rupert hits you with a +4 antimagic great sword!
You feel your power leaking away.
You slash Rupert!
Rupert is moderately wounded.
You hit the fungus. Rupert barely misses you.
You slash Rupert!
Rupert is moderately wounded.
You slash the fungus!
A nearby fungus withers and dies.
You block Rupert's attack.
You slash Rupert!
Rupert is moderately wounded.
Rupert hits you with a +4 antimagic great sword!
You feel your power leaking away.
You slice Rupert!!
Rupert is heavily wounded.
Rupert hits you with a +4 antimagic great sword!
You feel your power leaking away.
You barely miss Rupert.
Rupert is heavily wounded.
Rupert hits you with a +4 antimagic great sword!!
You feel your power leaking away.
You hit Rupert but do no damage.
Rupert is heavily wounded.
You block Rupert's attack.
You slash Rupert!
Rupert is heavily wounded.
Rupert hits you with a +4 antimagic great sword!!
10713 ||| READING 7 scrolls of teleportation.
As you read the scroll of teleportation, it crumbles to dust.
You feel strangely unstable.
Rupert hits you with a +4 antimagic great sword! x2
You die...

.....##....%# #. .#
..#. #..+##. ##P
##.###### #....%#
#.P.....##.8. #..##.#.
#...#...#.. .........
#P..#..#.8 ..+...8...
#(.....# ..#.......
#...@.P## #.....##.
#...@...#######......
#...#....##...# #..+###
###..##..%..P.###.....#
#............#.......
#..P###..##...#.......
##. #......P..#.8.#. #
...........#...#.
#..#.....##.#.....
#.#####..##.......


You could see Rupert (berserk).

Vanquished Creatures
  Kirke (Lair:3)
  A hydra (Lair:3)
  3 death yaks (Lair:4)
  An oklob plant (Lair:4)
  Joseph (D:8)
  3 black mambas
  11 cane toads
  4 elephants (Lair:4)
  A rime drake (Lair:2)
  3 komodo dragons
  A troll (D:9)
  Grinder (D:5)
  Prince Ribbit (D:8)
  A polar bear (Lair:2)
  5 blink frogs (Lair:2)
  5 dream sheep (Lair:4)
  4 wyverns
  19 yaks
  A basilisk (Lair:2)
  3 steam dragons
  3 hogs (Lair:3)
  5 nagas (Lair:2)
  Menkaure (D:4)
  8 water moccasins
  Duvessa (D:4)
  A sky beast (D:7)
  4 black bears
  An orc warrior (D:8)
  3 ice beasts
  An ogre (D:6)
  10 wolves
  8 centaurs
  A kobold brigand (D:7)
  9 bullfrogs
  5 necrophages (Lair:4)
  3 scorpions (D:5)
  Dowan (D:4)
  10 wights (D:9)
  10 killer bees
  A howler monkey (D:4)
  3 orc priests
  A sleepcap (D:4)
  5 hounds
  2 jellies
  A gnoll bouda (D:5)
  4 iguanas
  5 orc wizards
  5 gnolls (D:5)
  10 adders
  A white imp (D:7)
  An ufetubus (D:6)
  3 worms
  2 dart slugs (D:1)
  19 orcs
  11 ball pythons
  6 bats
  8 endoplasms
  4 giant cockroaches
  6 goblins
  6 hobgoblins
  2 jackals (D:3)
  7 kobolds
  4 quokkas
  2 frilled lizards (D:1)
  5 rats
  2 butterflies (Lair:2)
281 creatures vanquished.

Notes
Turn   | Place    | Note
-------+----------+-------------------------------------------
     0 | D:1      | qw the Gargoyle Fighter began the quest for the Orb.
     0 | D:1      | Reached XP level 1. HP: 14/14 MP: 1/1
     0 | D:1      | 0 ||| qw: Version: 0.2-a-99-gce666ed
     0 | D:1      | 0 ||| qw: Game counter: 135
     0 | D:1      | 0 ||| qw: Always use a shield: true
     0 | D:1      | 0 ||| qw: God list: Okawaru
     0 | D:1      | 0 ||| qw: Allow faded altars: false
     0 | D:1      | 0 ||| qw: Do Orc after D:15 true
     0 | D:1      | 0 ||| qw: Do second Lair branch before Depths: true
     0 | D:1      | 0 ||| qw: Lair rune preference: random
     0 | D:1      | 0 ||| qw: Plans: Normal, Zot:1-4, God:TSO, Crypt, Tomb,
                  | Pan, Slime:5, Hells, Abyss, Win
     0 | D:1      | 0 ||| PLANNING D:1-11
    44 | D:1      | Reached skill level 2 in Axes
    63 | D:1      | 63 ||| READING scroll labelled MOTRUA OJEREISHRE.
    90 | D:1      | Reached XP level 2. HP: 19/19 MP: 2/2
   265 | D:1      | Reached skill level 3 in Axes
   344 | D:1      | Reached XP level 3. HP: 22/23 MP: 3/3
   446 | D:1      | 446 ||| READING scroll labelled LOAMOTHR JUQOE.
   589 | D:2      | 589 ||| DROPPING +0 club.
   671 | D:2      | 671 ||| Stepping ~*~*~tactically~*~*~ (stealth).
   683 | D:2      | 683 ||| Stepping ~*~*~tactically~*~*~ (stealth).
   689 | D:2      | Found a glowing silver altar of Zin.
   837 | D:2      | Reached XP level 4. HP: 28/28 MP: 4/4
   841 | D:2      | Identified the ring "Guxeb" {Contam rElec rF+ Dex+3 Stlth+}
  1071 | D:2      | 1071 ||| UPGRADING to ring "Guxeb" {Contam rElec rF+ Dex+3
                  | Stlth+}.
  1072 | D:2      | 1072 ||| READING scroll labelled ZYNTUZ LUSIKK.
  1072 | D:2      | Identified a scroll of acquirement
  1072 | D:2      | 1072 ||| ACQUIRING +9 war axe "Tormentor" {holy, rElec}
  1072 | D:2      | Acquired the +9 war axe "Tormentor" {holy, rElec}
  1074 | D:2      | 1074 ||| SWAPPING to +9 war axe "Tormentor" {holy, rElec}.
  1075 | D:2      | 1075 ||| DROPPING +0 war axe.
  1076 | D:2      | 1076 ||| READING scroll labelled JYP LIATEOKK.
  1081 | D:2      | 1081 ||| DRINKING 2 fuming puce potions.
  1148 | D:3      | Reached skill level 4 in Axes
  1165 | D:3      | 1165 ||| Stepping ~*~*~tactically~*~*~ (stealth).
  1339 | D:3      | Found a faded altar of an unknown god.
  1341 | D:3      | 1341 ||| Stepping ~*~*~tactically~*~*~ (stealth).
  1343 | D:3      | 1343 ||| Stepping ~*~*~tactically~*~*~ (stealth).
  1350 | D:3      | Reached skill level 1 in Throwing
  1427 | D:3      | 1427 ||| Stepping ~*~*~tactically~*~*~ (stealth).
  1429 | D:3      | 1429 ||| Stepping ~*~*~tactically~*~*~ (stealth).
  1447 | D:3      | 1447 ||| Stepping ~*~*~tactically~*~*~ (stealth).
  1723 | D:3      | 1723 ||| UPGRADING to +0 pair of boots.
  1728 | D:3      | 1728 ||| READING scroll labelled RYAQAXKELOKK.
  1829 | D:3      | 1829 ||| READING scroll labelled TUEBUD QEKHLI.
  1857 | D:4      | Reached skill level 1 in Dodging
  1862 | D:4      | Reached XP level 5. HP: 32/32 MP: 5/5
  1899 | D:4      | 1899 ||| Stepping ~*~*~tactically~*~*~ (stealth).
  1942 | D:4      | Reached skill level 5 in Axes
  1946 | D:4      | Reached XP level 6. HP: 33/37 MP: 6/6
  2054 | D:4      | 2054 ||| Stepping ~*~*~tactically~*~*~ (stealth).
  2063 | D:4      | Noticed Dowan
  2066 | D:4      | Noticed Duvessa
  2078 | D:4      | Killed Duvessa
  2081 | D:4      | Killed Dowan
  2205 | D:4      | Found a white marble altar of Elyvilon.
  2208 | D:4      | Found an ancient bone altar of Kikubaaqudgha.
  2253 | D:4      | Noticed a black bear
  2259 | D:4      | Reached XP level 7. HP: 43/43 MP: 7/7
  2266 | D:4      | Reached skill level 6 in Axes
  2321 | D:4      | Noticed Menkaure
  2325 | D:4      | Killed Menkaure
  2419 | D:4      | Reached skill level 7 in Axes
  2736 | D:4      | 2736 ||| UPGRADING to +0 chain mail.
  2746 | D:4      | 2746 ||| DROPPING +0 scale mail.
  2747 | D:4      | 2747 ||| READING 3 scrolls of identify.
  2747 | D:4      | 2747 ||| IDENTIFYING fizzy pink potion
  2748 | D:4      | 2748 ||| READING 2 scrolls of identify.
  2748 | D:4      | 2748 ||| IDENTIFYING lumpy inky potion
  2749 | D:4      | 2749 ||| DROPPING potion of flight.
  2778 | D:5      | Entered Level 5 of the Dungeon
  2854 | D:5      | Reached XP level 8. HP: 48/49 MP: 8/8
  2913 | D:5      | Reached skill level 8 in Axes
  2976 | D:5      | Found a glowing golden altar of the Shining One.
  2985 | D:5      | Noticed Grinder
  2987 | D:5      | Paralysed by Grinder for 3 turns
  2996 | D:5      | Killed Grinder
  2997 | D:5      | Reached skill level 6 in Fighting
  3015 | D:5      | 3015 ||| UPGRADING to amulet of guardian spirit.
  3191 | D:5      | 3191 ||| DROPPING +0 ring mail of willpower.
  3192 | D:5      | 3192 ||| READING scroll labelled NUME EXKIRCH.
  3193 | D:5      | 3193 ||| READING scroll labelled IXKYCZ MAGHILI.
  3194 | D:5      | 3194 ||| DRINKING 2 dark potions.
  3195 | D:5      | 3195 ||| READING 2 scrolls of identify.
  3195 | D:5      | 3195 ||| IDENTIFYING fizzy amethyst potion
  3196 | D:5      | 3196 ||| DROPPING potion of magic.
  3527 | D:6      | Reached XP level 9. HP: 53/56 MP: 6/9
  3665 | D:6      | Reached skill level 9 in Axes
  3763 | D:6      | Found a staircase to the Ecumenical Temple.
  3764 | D:6      | 3764 ||| PLANNING TEMPLE
  3764 | D:6      | 3764 ||| DROPPING orb of mayhem.
  3765 | D:6      | 3765 ||| DRINKING 2 smoky coppery potions.
  3796 | D:6      | 3796 ||| READING 2 scrolls of identify.
  3796 | D:6      | 3796 ||| IDENTIFYING glowing pink potion
  3797 | D:6      | 3797 ||| DROPPING potion of invisibility.
  3807 | Temple   | Entered the Ecumenical Temple
  3859 | Temple   | 3859 ||| PLANNING OKAWARU WORSHIP
  3918 | Temple   | Became a worshipper of Warmaster Okawaru
  3918 | Temple   | 3918 ||| PLANNING D:1-11
  3919 | Temple   | 3919 ||| REMOVING amulet of guardian spirit.
  3924 | Temple   | 3924 ||| DROPPING amulet of guardian spirit.
  4096 | D:6      | Found a sparkling altar of Nemelex Xobeh.
  4413 | D:7      | 4413 ||| Stepping ~*~*~tactically~*~*~ (stealth).
  4452 | D:7      | 4452 ||| Stepping ~*~*~tactically~*~*~ (hiding).
  4475 | D:7      | 4475 ||| DROPPING +0 mace.
  4483 | D:7      | 4483 ||| Stepping ~*~*~tactically~*~*~ (hiding).
  4484 | D:7      | 4484 ||| Stepping ~*~*~tactically~*~*~ (hiding).
  4486 | D:7      | 4486 ||| Stepping ~*~*~tactically~*~*~ (hiding).
  4533 | D:7      | Identified the +10 scale mail "Duguyly" {*Slow +Blink rElec
                  | Int+3}
  4546 | D:7      | 4546 ||| Stepping ~*~*~tactically~*~*~ (stealth).
  4551 | D:7      | 4551 ||| Stepping ~*~*~tactically~*~*~ (hiding).
  4562 | D:7      | 4562 ||| FLEEEEING.
  4563 | D:7      | 4563 ||| FLEEEEING.
  4810 | D:7      | 4810 ||| UPGRADING to +0 plate armour.
  4820 | D:7      | 4820 ||| DROPPING +0 chain mail.
  4821 | D:7      | 4821 ||| UPGRADING to ring of protection from fire.
  4822 | D:7      | 4822 ||| READING scroll labelled DEOQEI NETHA.
  4823 | D:7      | 4823 ||| DRINKING 2 sedimented pink potions.
  4823 | D:7      | Gained mutation: You are partially covered in iridescent
                  | scales. (AC +2) [potion of mutation]
  4823 | D:7      | Gained mutation: Your magical capacity is low. (-10% MP)
                  | [potion of mutation]
  4823 | D:7      | Gained mutation: You passively dampen the noise of your
                  | surroundings. [potion of mutation]
  4824 | D:7      | 4824 ||| READING 3 scrolls of identify.
  4824 | D:7      | 4824 ||| IDENTIFYING grey potion
  4825 | D:7      | 4825 ||| DROPPING potion of brilliance.
  4941 | D:8      | Reached * piety under Okawaru
  4942 | D:8      | 4942 ||| INVOKING Heroism.
  5078 | D:8      | Reached skill level 1 in Invocations
  5081 | D:8      | Reached skill level 6 in Armour
  5183 | D:8      | Noticed Prince Ribbit
  5184 | D:8      | 5184 ||| INVOKING Heroism.
  5189 | D:8      | Killed Prince Ribbit
  5190 | D:8      | Reached skill level 3 in Invocations
  5212 | D:8      | 5212 ||| Stepping ~*~*~tactically~*~*~ (hiding).
  5213 | D:8      | 5213 ||| Stepping ~*~*~tactically~*~*~ (hiding).
  5216 | D:8      | 5216 ||| Stepping ~*~*~tactically~*~*~ (hiding).
  5232 | D:8      | 5232 ||| Stepping ~*~*~tactically~*~*~ (stealth).
  5243 | D:8      | 5243 ||| INVOKING Heroism.
  5244 | D:8      | Noticed Joseph
  5251 | D:8      | Reached XP level 10. HP: 57/63 MP: 8/11
  5264 | D:8      | Killed Joseph
  5469 | D:8      | 5469 ||| UPGRADING to +2 pair of gloves.
  5474 | D:8      | 5474 ||| UPGRADING to +0 cloak.
  5479 | D:8      | 5479 ||| UPGRADING to +1 helmet.
  5484 | D:8      | 5484 ||| READING scroll labelled JUUSTE GIWEOQ.
  5485 | D:8      | 5485 ||| READING 3 scrolls of identify.
  5485 | D:8      | 5485 ||| IDENTIFYING white potion
  5512 | D:9      | 5512 ||| INVOKING Heroism.
  5653 | D:9      | 5653 ||| INVOKING Heroism.
  5703 | D:9      | 5703 ||| Stepping ~*~*~tactically~*~*~ (stealth).
  5705 | D:9      | 5705 ||| INVOKING Heroism.
  5736 | D:9      | Found a hazy altar of Hepliaklqana.
  5762 | D:9      | Found a staircase to the Lair.
  5763 | D:9      | 5763 ||| Stepping ~*~*~tactically~*~*~ (stealth).
  5771 | D:9      | Reached skill level 10 in Axes
  5772 | D:9      | Reached ** piety under Okawaru
  5776 | D:9      | 5776 ||| INVOKING Heroism.
  5873 | D:9      | 5873 ||| Stepping ~*~*~tactically~*~*~ (stealth).
  6235 | D:9      | 6235 ||| Stepping ~*~*~tactically~*~*~ (hiding).
  6236 | D:9      | 6236 ||| Stepping ~*~*~tactically~*~*~ (hiding).
  6351 | D:9      | 6351 ||| DROPPING +0 flail.
  6646 | D:9      | 6646 ||| PLANNING LAIR
  6646 | D:9      | 6646 ||| READING scroll labelled WURECAL VOES.
  6727 | Lair:1   | Entered Level 1 of the Lair of Beasts
  6834 | Lair:1   | Noticed a cane toad
  6835 | Lair:1   | 6835 ||| INVOKING Heroism.
  6840 | Lair:1   | Reached *** piety under Okawaru
  6844 | Lair:1   | Reached XP level 11. HP: 68/68 MP: 10/12
  6845 | Lair:1   | Reached skill level 11 in Axes
  6966 | Lair:1   | 6966 ||| INVOKING Heroism.
  6973 | Lair:1   | Reached skill level 9 in Fighting
  6991 | Lair:1   | 6991 ||| INVOKING Heroism.
  7083 | Lair:1   | 7083 ||| Stepping ~*~*~tactically~*~*~ (stealth).
  7156 | Lair:1   | Reached skill level 9 in Armour
  7268 | Lair:1   | 7268 ||| INVOKING Heroism.
  7458 | Lair:1   | Found a runed translucent gate.
  7458 | Lair:1   | Found a runed translucent gate.
  7459 | Lair:1   | Found a runed translucent gate.
  7463 | Lair:1   | Noticed qw's ghost (journeyman GrCA)
  7515 | Lair:2   | 7515 ||| INVOKING Heroism.
  7544 | Lair:2   | Reached **** piety under Okawaru
  7555 | Lair:2   | 7555 ||| INVOKING Heroism.
  7604 | Lair:2   | 7604 ||| INVOKING Heroism.
  7846 | Lair:2   | 7846 ||| Stepping ~*~*~tactically~*~*~ (hiding).
  7863 | Lair:2   | 7863 ||| INVOKING Heroism.
  7878 | Lair:2   | 7878 ||| FLEEEEING.
  7879 | Lair:2   | 7879 ||| FLEEEEING.
  7880 | Lair:2   | 7880 ||| Stepping ~*~*~tactically~*~*~ (hiding).
  7883 | Lair:2   | 7883 ||| Stepping ~*~*~tactically~*~*~ (hiding).
  8021 | Lair:2   | Found a staircase to the Snake Pit.
  8038 | Lair:2   | 8038 ||| Stepping ~*~*~tactically~*~*~ (hiding).
  8194 | Lair:2   | 8194 ||| INVOKING Heroism.
  8200 | Lair:2   | Received a gift from Okawaru
  8218 | Lair:2   | Found a staircase to the Shoals.
  8222 | Lair:2   | 8222 ||| INVOKING Heroism.
  8229 | Lair:2   | Reached skill level 3 in Throwing
  8237 | Lair:2   | Reached skill level 12 in Axes
  8363 | Lair:2   | 8363 ||| INVOKING Heroism.
  8474 | Lair:2   | 8474 ||| INVOKING Heroism.
  8482 | Lair:2   | Reached skill level 6 in Shields
  8947 | Lair:3   | 8947 ||| INVOKING Heroism.
  8973 | Lair:3   | Reached XP level 12. HP: 75/76 MP: 14/14
  9225 | Lair:3   | 9225 ||| INVOKING Heroism.
  9362 | Lair:3   | Noticed a six-headed hydra
  9363 | Lair:3   | 9363 ||| INVOKING Heroism.
  9364 | Lair:3   | 9364 ||| SWAPPING to +3 morningstar.
  9373 | Lair:3   | Killed a six-headed hydra
  9374 | Lair:3   | 9374 ||| SWAPPING to +9 war axe "Tormentor" {holy, rElec}.
  9737 | Lair:3   | Noticed Kirke
  9738 | Lair:3   | 9738 ||| INVOKING Heroism.
  9751 | Lair:3   | Killed Kirke
  9876 | Lair:3   | 9876 ||| UPGRADING to +2 helmet.
  9886 | Lair:3   | 9886 ||| DROPPING +1 helmet.
  9936 | Lair:4   | Found a runed translucent gate.
  9936 | Lair:4   | Found a runed translucent gate.
  9944 | Lair:4   | 9944 ||| READING scroll of acquirement.
  9944 | Lair:4   | 9944 ||| ACQUIRING +1 pair of boots of rampaging
  9944 | Lair:4   | Acquired a +1 pair of boots of rampaging
  9946 | Lair:4   | 9946 ||| UPGRADING to +1 pair of boots of rampaging.
  9956 | Lair:4   | 9956 ||| DROPPING +0 pair of boots.
  9959 | Lair:4   | 9959 ||| Stepping ~*~*~tactically~*~*~ (stealth).
  9960 | Lair:4   | 9960 ||| Stepping ~*~*~tactically~*~*~ (stealth).
  9962 | Lair:4   | 9962 ||| Stepping ~*~*~tactically~*~*~ (stealth).
  9970 | Lair:4   | Reached skill level 6 in Invocations
  9979 | Lair:4   | Reached ***** piety under Okawaru
 10028 | Lair:4   | 10028 ||| Stepping ~*~*~tactically~*~*~ (stealth).
 10071 | Lair:4   | 10071 ||| Stepping ~*~*~tactically~*~*~ (stealth).
 10073 | Lair:4   | 10073 ||| Stepping ~*~*~tactically~*~*~ (stealth).
 10075 | Lair:4   | 10075 ||| Stepping ~*~*~tactically~*~*~ (stealth).
 10077 | Lair:4   | 10077 ||| Stepping ~*~*~tactically~*~*~ (stealth).
 10083 | Lair:4   | 10083 ||| INVOKING Heroism.
 10102 | Lair:4   | Identified the +0 helmet of the Stars {Rampage rCorr Str-5
                  | Int-5} (Okawaru gifted it to you on level 4 of the Lair of
                  | Beasts)
 10102 | Lair:4   | Received a gift from Okawaru
 10400 | Lair:4   | Found a runed translucent gate.
 10401 | Lair:4   | Noticed Vufrucs's ghost (journeyman DrTm)
 10402 | Lair:4   | Noticed qw's ghost (journeyman GrFi)
 10402 | Lair:4   | Noticed qw's ghost (journeyman GrFi)
 10460 | Lair:4   | 10460 ||| INVOKING Heroism.
 10474 | Lair:4   | Reached skill level 13 in Axes
 10477 | Lair:4   | Noticed a death yak
 10478 | Lair:4   | 10478 ||| INVOKING Finesse.
 10478 | Lair:4   | Noticed a death yak
 10479 | Lair:4   | 10479 ||| Stepping ~*~*~tactically~*~*~ (stealth).
 10480 | Lair:4   | Noticed a death yak
 10481 | Lair:4   | 10481 ||| Stepping ~*~*~tactically~*~*~ (stealth).
 10495 | Lair:4   | Killed a death yak
 10498 | Lair:4   | Killed a death yak
 10499 | Lair:4   | Reached XP level 13. HP: 83/83 MP: 12/17
 10500 | Lair:4   | 10500 ||| INVOKING Heroism.
 10509 | Lair:4   | Reached skill level 9 in Invocations
 10513 | Lair:4   | 10513 ||| Stepping ~*~*~tactically~*~*~ (stealth).
 10558 | Lair:4   | 10558 ||| INVOKING Heroism.
 10698 | Lair:4   | Noticed Rupert
 10699 | Lair:4   | 10699 ||| INVOKING Heroism.
 10712 | Lair:4   | HP: 14/83 [Rupert/+4 antimagic great sword (22)]
 10713 | Lair:4   | 10713 ||| READING 7 scrolls of teleportation.
 10713 | Lair:4   | HP: 2/83 [Rupert/+4 antimagic great sword (12)]
 10713 | Lair:4   | Mangled by Rupert

Levels and vault maps discovered:
D:1:      ebering_trefoil_3fold, layout_rooms, grunt_decor_cap
D:2:      layout_basic, basic_altar
D:3:      layout_loops_cross, nicolae_ecumenical_snake_handling
D:4:      layout_basic, nicolae_overflow_squiral, uniq_duvessa, uniq_menkaure
D:5:      layout_rooms, tso_metal_star, uniq_grinder
D:6:      layout_layer_cave, lemuel_round_altar, temple_statues
D:7:      layout_rooms
D:8:      layout_rooms, uniq_prince_ribbit1, uniq_joseph
D:9:      layout_loops_corners, nicolae_hepliaklqana_hippocampus,
          david_lair_generic
Temple:   nicolae_temple_superstar
Lair:1:   layout_hall_layers, gammafunk_ghost_necromancy, serial_bayou_lagoon_a,
          lemuel_fruit_tree
Lair:2:   layout_cave_pods, minmay_shoals_entry_centaurs,
          minmay_snake_entry_guardpost_medium, lemuel_fruit_fields
Lair:3:   layout_layer_cave, uniq_kirke
Lair:4:   layout_long_grid, gammafunk_ghost_cemetery, minmay_lair_oklob_bushes,
          roderic_carrion_pond, grunt_megastairs_1, uniq_rupert

Skill      XL: |  1  2  3  4  5  6  7  8  9 10 11 12 13 |
---------------+----------------------------------------+-----
Axes           | 2 3 4 5 7 8 9 10 12 13 | 13.4
Throwing       | 1 3 |  3.0
Dodging        | 1 2 |  2.3
Fighting       | 4 5 6 7 8 9 10 | 10.3
Armour         | 4 6 8 9 10 | 10.0
Shields        | 4 5 6 |  6.0
Invocations    | 3 4 5 8 9 |  9.4

Action                     |  1- 3 |  4- 6 |  7- 9 | 10-12 | 13-15 || total
---------------------------+-------+-------+-------+-------+-------++-------
  Melee: War axe           |    80 |    64 |   168 |   427 |    44 ||   783
         Morningstar       |       |       |       |     9 |       ||     9
  Throw: Javelin           |       |    34 |       |     9 |     1 ||    44
         Boomerang         |       |       |    18 |    41 |       ||    59
 Invoke: Heroism           |       |       |     3 |    22 |     3 ||    28
         Finesse           |       |       |       |     1 |       ||     1
    Use: Scroll            |     2 |     4 |     8 |     4 |     1 ||    19
         Potion            |       |     1 |     3 |       |       ||     4
 Armour: Scale mail        |    40 |    27 |    10 |       |       ||    77
         Chain mail        |       |       |    53 |       |       ||    53
         Plate armour      |       |       |    39 |   258 |    19 ||   316
  Dodge: Dodged            |    26 |    17 |    59 |   131 |     6 ||   239
  Block: Buckler           |    16 |    16 |    39 |   103 |     6 ||   180

Table legend:
 A = Non-vault XP
 B = Vault XP
 C = Vault XP percentage of total XP
 D = Non-vault monster count
 E = Vault monster count
 F = Vault count percentage of total count
                 A         B        C        D         E       F
            +---------+---------+-------+---------+---------+-------
      Total |   26989 |    7608 |  22.0 |     239 |      40 |  14.3
            +---------+---------+-------+---------+---------+-------
        D:1 |      42 |       0 |   0.0 |      22 |       0 |   0.0
        D:2 |      51 |       0 |   0.0 |      13 |       0 |   0.0
        D:3 |      56 |       7 |  11.1 |      17 |       4 |  19.0
        D:4 |     414 |     387 |  48.3 |      23 |       3 |  11.5
        D:5 |     813 |     286 |  26.0 |      25 |       1 |   3.8
        D:6 |     646 |       0 |   0.0 |       9 |       0 |   0.0
        D:7 |     716 |       0 |   0.0 |      21 |       0 |   0.0
        D:8 |    1043 |     764 |  42.3 |      14 |       2 |  12.5
        D:9 |    2820 |     666 |  19.1 |      24 |       4 |  14.3
     Lair:1 |    3754 |       0 |   0.0 |      19 |       0 |   0.0
     Lair:2 |    3990 |    1361 |  25.4 |      13 |      10 |  43.5
     Lair:3 |    2673 |    1912 |  41.7 |       7 |       4 |  36.4
     Lair:4 |    9971 |    2225 |  18.2 |      32 |      12 |  27.3
            +---------+---------+-------+---------+---------+-------
